 Dungeon Crawl Stone Soup version 0.31-a0-841-g038b102fc3 (webtiles) character file.

Game seed: 6603812792150405253

1848 freelancePsychic the Ruffian (level 8, -7/83 HPs)
             Began as a Troll Conjurer on Sept 27, 2023.
             Mangled by an orc warrior
             ... wielding a +0 glaive
              (13 damage)
             ... in a bailey.
             The game lasted 00:07:47 (4862 turns).

freelancePsychic the Ruffian (Troll Conjurer)       Turns: 4862, Time: 00:07:48

Health: -7/83      AC:  5    Str: 16    XL:     8   Next: 88%
Magic:  8/8        EV:  9    Int: 14    God:
Gold:   326        SH:  0    Dex: 10    Spells: 8/9 levels left

rFire   + .          .
                       - Unarmed
rCold   + . .        (no shield)
rNeg    . . .        a - +1 robe
rPois   .            (helmet restricted)
rElec   .            (no cloak)
rCorr   .            (gloves unavailable)
SInv    .            (boots unavailable)
Will    .....        (no amulet)
Stlth   +            d - ring of protection from fire
HPRegen 1.13/turn    g - ring of protection from cold
MPRegen 0.11/turn

%: no passive effects
@: about to teleport
A: large, unfitting armour, claws 3, regeneration 1, shaggy fur 1, tough skin 1
a: no special abilities


You were in a bailey.
You visited 2 branches of the dungeon, and saw 9 of its levels.
You also visited: Bailey.

You collected 326 gold pieces.

Inventory:

Missiles
 o - 3 boomerangs (quivered)
Armour
 a - a +1 robe (worn)
Jewellery
 d - a ring of protection from fire (left claw)
 g - a ring of protection from cold (right claw)
 r - an amulet of faith
Scrolls
 e - 2 scrolls of identify {@r1}
 h - a scroll of enchant armour
 i - 4 scrolls of teleportation {@r4}
 l - a scroll of poison
 m - a scroll of fog
 t - a scroll of noise {unknown}
 u - a scroll of immolation
Potions
 b - 2 potions of magic
 c - a potion of berserk rage {unknown}
 f - a potion of resistance {unknown}
 j - a potion of haste {unknown}
 k - a potion of mutation {unknown}
 q - a potion of invisibility {unknown}
 s - 2 potions of attraction {unknown}
 v - 2 potions of might {unknown}


   Skills:
 + Level 5.8 Fighting
 + Level 5.7 Throwing
 - Level 1.5 Dodging
 - Level 1.0 Stealth
 - Level 6.1 Unarmed Combat
 - Level 1.2 Spellcasting
 - Level 2.9 Conjurations


You had 8 spell levels left.
You knew the following spells:

 Your Spells              Type           Power      Damage    Failure   Level
a - Magic Dart            Conj           36%        1d4       8%          1

Your spell library contained the following spells:

 Spells                   Type           Power      Damage    Failure   Level
 Searing Ray              Conj           18%        2d5       12%         2
 Sandblast                Erth           0%         2d4       26%         1
 Blink                    Tloc           0%         N/A       36%         2
 Ensorcelled Hibernation  Hex/Ice        0%         N/A       36%         2
 Jinxbite                 Hex            0%         N/A       36%         2
 Passwall                 Tmut/Erth      0%         N/A       36%         2
 Dazzling Flash           Conj/Hex       10%        N/A       38%         3
 Stone Arrow              Conj/Erth      10%        3d7       38%         3
 Gell's Gravitas          Tloc           0%         N/A       61%         3
 Swiftness                Air            0%         N/A       61%         3
 Teleport Other           Tloc           0%         N/A       61%         3
 Brom's Barrelling Bould  Conj/Erth      5%         2d3       80%         4
 Fulminant Prism          Conj/Hex       2%         3d5       80%         4
 Iskenderun's Mystic Bla  Conj/Tloc      5%         2d3       80%         4
 Anguish                  Hex/Necr       0%         N/A       95%         4
 Manifold Assault         Tloc           0%         N/A       95%         4
 Dispersal                Tloc           0%         N/A       100%        6


Dungeon Overview and Level Annotations

Branches:
Dungeon (8/15)             Temple (1/1) D:6          Bailey (1/1)
   Lair: D:8-11

Altars:
Elyvilon
Gozag
Hepliaklqana
Kikubaaqudgha
Makhleb
Nemelex Xobeh
Ru
Sif Muna
Trog
Uskayaw
Vehumet
Wu Jian
Zin
The Shining One

Annotations:
D:4 1 runed translucent door, Kurtz's ghost, amateur OpFi
D:5 2 transporters, Kurtz's ghost, novice OpFi


Innate Abilities, Weirdness & Mutations

You are too large for most types of armour.
You have claws for hands.
Your natural rate of healing is unusually fast.
You are covered in fur. (AC +1)
You have tough skin. (AC +1)


Message History

An orc comes into view. It is wielding a +0 spear.
You feel better.
The orc shouts!
You hear a shout!
The orc warrior closely misses you.
Throw: 3 boomerangs
Press: ? - help, Q - select action, (/) - cycle Shift-Dir - straight line, f/p - orc warrior
Aim: an orc warrior, wielding a +0 glaive and wearing a +0 chain mail (heavily wounded, 53% to hit)
You throw a boomerang. The boomerang hits the orc warrior!
The orc warrior is severely wounded.
The orc warrior closely misses you.
The orc hits you from afar with a +0 spear.
The orc barely misses you.
You scratch the orc.
The orc is lightly wounded.
An orc knight comes into view. It is wielding a +0 glaive.
The orc hits you but does no damage.
An orc comes into view. It is wielding a +0 spear.
The orc knight shouts!
You scratch the orc but do no damage.
The orc is lightly wounded.
The orc warrior barely misses you. The orc hits you but does no damage.
As you read the scroll of teleportation {@r4}, it crumbles to dust.
You feel strangely unstable.
The orc knight roars a battlecry!
The orcs go into a battle-frenzy!
The orc warrior hits you from afar with a +0 glaive.
The orc hits you with a +0 spear.
You claw the orc!
You kill the orc!
The orc warrior closely misses you.
You claw the orc warrior!
The orc warrior is moderately wounded.
The orc warrior hits you with a +0 glaive!
* * * LOW HITPOINT WARNING * * *
The orc warrior hits you from afar with a +0 glaive!
* * * LOW HITPOINT WARNING * * *
An orc warrior comes into view. It is wielding a +0 trident.
The orc warrior shouts!
The orc warrior hits you from afar with a +0 glaive!
You die...

#♣♣≈≈≈≈≈#)...#≈≈≈≈≈≈≈≈≈
♣♣♣...#....#...≈≈≈≈≈≈#
..♣............≈≈≈≈#
................≈≈≈#
###........####..≈≈#
.####''####)$#
..(..)..oo).).#
#...8...o8...##
#..########@.# #. #..#
# #..# #o.# #.o# .#..#
##..# #o.#


You could see an orc knight, 4 orc warriors and an orc (strong).

Vanquished Creatures
  A water moccasin (D:6)
  3 ice beasts
  A sky beast (D:7)
  2 orc warriors (Bailey)
  An ogre (D:5)
  A phantom (D:6)
  A kobold brigand (D:8)
  A bullfrog (D:7)
  6 scorpions
  3 jellies
  3 hounds
  A sleepcap (D:7)
  3 iguanas
  2 orc wizards
  Robin (D:2)
  4 gnolls
  2 adders
  2 shadow imps
  2 ufetubi
  A dart slug (D:1)
  23 orcs
  2 bats
  6 endoplasms
  5 giant cockroaches
  16 goblins
  11 hobgoblins
  4 jackals (D:1)
  2 quokkas
  12 ball pythons
  3 frilled lizards
  8 kobolds
  4 rats
137 creatures vanquished.

Notes
Turn   | Place    | Note
-------+----------+-------------------------------------------
     0 | D:1      | freelancePsychic the Troll Conjurer began the quest for the
                  | Orb.
     0 | D:1      | Reached XP level 1. HP: 16/16 MP: 1/1
    57 | D:1      | Reached skill level 1 in Unarmed Combat
    75 | D:1      | Reached XP level 2. HP: 24/26 MP: 2/2
   235 | D:1      | Reached skill level 1 in Fighting
   422 | D:1      | Reached skill level 2 in Unarmed Combat
   561 | D:2      | Reached XP level 3. HP: 33/33 MP: 3/3
   818 | D:2      | Noticed Robin
  1057 | D:3      | HP: 1/33 [gnoll/+0 flail (8)]
  1161 | D:3      | Reached XP level 4. HP: 41/41 MP: 4/4
  1199 | D:3      | Reached skill level 3 in Unarmed Combat
  1450 | D:4      | Noticed a scorpion
  1488 | D:4      | Noticed a scorpion
  1642 | D:2      | Killed Robin
  2099 | D:4      | Reached XP level 5. HP: 31/49 MP: 5/5
  2389 | D:4      | Reached skill level 4 in Unarmed Combat
  2413 | D:4      | Found an ancient bone altar of Kikubaaqudgha.
  2449 | D:4      | Reached skill level 1 in Throwing
  2449 | D:4      | Reached XP level 6. HP: 19/59 MP: 6/6
  2598 | D:4      | Found a runed translucent door.
  2599 | D:4      | Noticed Kurtz's ghost (amateur OpFi)
  2711 | D:4      | Reached skill level 5 in Unarmed Combat
  3054 | D:5      | Entered Level 5 of the Dungeon
  3109 | D:5      | Found a transporter.
  3121 | D:5      | Reached XP level 7. HP: 66/67 MP: 7/7
  3188 | D:5      | Found a sacrificial altar of Ru.
  3234 | D:5      | Found a transporter.
  3238 | D:5      | Noticed Kurtz's ghost (novice OpFi)
  3334 | D:5      | Found an opulent altar of Gozag.
  3422 | D:6      | Found a staircase to the Ecumenical Temple.
  3436 | Temple   | Entered the Ecumenical Temple
  3510 | D:6      | Reached skill level 6 in Unarmed Combat
  3730 | D:6      | Identified the +1 sling of Sadeul {speed, rElec}
  3934 | D:6      | Reached XP level 8. HP: 78/78 MP: 8/8
  4430 | D:7      | Reached skill level 5 in Fighting
  4453 | D:7      | Reached skill level 5 in Throwing
  4648 | D:8      | Found a radiant altar of Vehumet.
  4747 | D:8      | Found a flagged portal.
  4766 | Bailey   | Entered a bailey
  4857 | Bailey   | Noticed an orc knight
  4861 | Bailey   | HP: 4/83 [orc warrior/+0 glaive (15)]
  4862 | Bailey   | Mangled by an orc warrior

Illustrated notes

Levels and vault maps discovered:
D:1:      mrwooster_arrival_arrow, layout_rooms
D:2:      layout_basic, grunt_decor_cap, uniq_robin
D:3:      layout_basic
D:4:      layout_loops_ring, mainiacjoe_overflow_catwalk,
          ebering_ghost_inner_flame
D:5:      layout_rooms, mainiacjoe_overflow_24_doors, kennysheep_little_box,
          gammafunk_ghost_mausoleum
D:6:      layout_basic, minmay_temple_entry_statues_fountains,
          nicolae_elevator_lobby_asterisk
D:7:      layout_rooms, hangedman_abyss_or_decor_passed
D:8:      layout_basic, nicolae_vehumet_altar_sigil,
          lightli_bailey_entry_fortress, guppyfry_shop_venom,
          uniq_prince_ribbit1
Temple:   eino_wide_crystal_templ
Bailey:   bailey_polearm_elven_captive_hellmonk, bailey

Skill      XL: |  1  2  3  4  5  6  7  8 |
---------------+-------------------------+-----
Unarmed Combat | 1 2 3 4 5 6 |  6.1
Fighting       | 1 2 3 4 5 |  5.8
Throwing       | 1 2 3 5 |  5.7
Dodging        | |  1.5
Stealth        | |  1.0
Spellcasting   | |  1.2
Conjurations   | |  2.9

Action                     |  1- 3 |  4- 6 |  7- 9 || total
---------------------------+-------+-------+-------++-------
  Melee: Unarmed           |   122 |   118 |   164 ||   404
         Punch             |     2 |     2 |     3 ||     7
  Throw: Dart              |       |    18 |    11 ||    29
         Boomerang         |       |     7 |    47 ||    54
    Use: Scroll            |     3 |     4 |     5 ||    12
         Potion            |     2 |     1 |     4 ||     7
   Stab: Sleeping          |     1 |     2 |       ||     3
 Armour: Robe              |    79 |    76 |   151 ||   306
  Dodge: Dodged            |    52 |    51 |    99 ||   202

Table legend: (Time is in decaauts)
 A = Elapsed time spent in this place.
 B = Non-inter-level travel time spent in this place.
 C = Inter-level travel time spent in this place.
 D = Time resting spent in this place.
 E = Time spent auto-exploring this place.
 F = Levels seen in this place.
 G = Mean time per level.
                   A        B        C        D        E       F      G
               +--------+--------+--------+--------+--------+-----+--------+
         Total |   4832 |   4468 |    364 |     24 |   3428 |  10 |  483.2 |
       Dungeon |   4738 |   4374 |    364 |     24 |   3387 |   8 |  592.2 |
        Temple |      1 |      1 |      0 |      0 |      0 |   1 |    1.0 |
        Bailey |     92 |     92 |      0 |      0 |     41 |   1 |   92.0 |
               +--------+--------+--------+--------+--------+-----+--------+

Top non-repeatable levels by time:
     D:4: 1109 daAuts
     D:3: 814 daAuts
     D:6: 747 daAuts
     D:2: 579 daAuts
     D:1: 537 daAuts
     D:7: 431 daAuts
     D:5: 388 daAuts
     D:8: 130 daAuts
  Bailey: 92 daAuts
  Temple: 1 daAuts
